 Dungeon Crawl Stone Soup version 0.31.0-11-ge490571c62 (webtiles) character file.

Game seed: 18218804047820108144

86 qw the Shooter (level 4, -3/22 HPs)
             Began as a Spriggan Hunter on Feb 3, 2024.
             Slain by a gnoll
             ... wielding a +0 spear
              (9 damage)
             ... on level 3 of the Dungeon.
             The game lasted 00:00:06 (1734 turns).

qw the Shooter (Spriggan Hunter)                    Turns: 1734, Time: 00:00:06

Health: -3/22      AC:  2    Str:  7    XL:     4   Next: 26%
Magic:  5/5        EV: 19    Int: 10    God:
Gold:   153        SH:  0    Dex: 20    Spells: 3/3 levels left

rFire   . . .        a - +0 shortbow
rCold   . . .        (shield currently unavailable)
rNeg    . . .        c - +0 robe
rPois   .            (helmet restricted)
rElec   .            (no cloak)
rCorr   .            (gloves unavailable)
SInv    +            (boots unavailable)
Will    .....        (no amulet)
Stlth   ++           (no ring)
HPRegen 0.23/turn    (no ring)
MPRegen 0.09/turn

%: no passive effects
@: very quick
A: very small, no large weapons, unfitting armour, see invisible, speed 3
a: no special abilities


You were on level 3 of the Dungeon.
You visited 1 branch of the dungeon, and saw 3 of its levels.

You collected 153 gold pieces.


Innate Abilities, Weirdness & Mutations

You are very small and have problems with some larger weapons.
You are too small for most types of armour.
You have supernaturally acute eyesight. (SInv)
You cover ground extremely quickly. (Speed+++)


   Skills:
 - Level 1.5 Fighting
 - Level 5.0 Ranged Weapons
 + Level 4.5 Dodging
 - Level 1.5 Stealth


You had 3 spell levels left.
You didn't know any spells.
Your spell library was empty.

Inventory:

Hand Weapons
 a - a +0 shortbow (weapon)
Armour
 c - a +0 robe (worn)
Potions
 b - a potion of ambrosia {unknown}
 e - a potion of mutation {unknown}
 f - a potion of curing {unknown}

Dungeon Overview and Level Annotations

Branches:
Dungeon (3/15)

Altars:


Message History

The gnoll misses you.
You shoot an arrow. The arrow hits the gnoll.
The gnoll is heavily wounded.
The gnoll misses you.
You shoot an arrow.
The arrow hits the gnoll but does no damage.
The gnoll is heavily wounded.
The gnoll barely misses you. x2
You shoot an arrow. The arrow hits the gnoll.
The gnoll is severely wounded.
The gnoll closely misses you.
The gnoll hits you from afar with a +0 spear.
You shoot an arrow. The arrow hits the gnoll.
You kill the gnoll!
The gnoll hits you but does no damage. The gnoll completely misses you.
A sky beast comes into view.
1728 ||| RETREEEEATING.
1729 ||| RETREEEEATING.
The gnoll attacks as it pursues you! The gnoll barely misses you.
You shoot an arrow. The arrow hits the gnoll.
The gnoll is heavily wounded.
The gnoll closely misses you.
You shoot an arrow. The arrow closely misses the gnoll.
The arrow hits the gnoll!
The gnoll is severely wounded.
The gnoll closely misses you. The gnoll hits you with a +0 club.
You shoot an arrow.
The arrow hits the gnoll but does no damage.
The gnoll is heavily wounded.
The gnoll closely misses you. x2
You shoot an arrow. The arrow hits the gnoll.
The gnoll is severely wounded.
The gnoll hits you from afar with a +0 spear.
The gnoll closely misses you. The gnoll misses you.
You shoot an arrow. The arrow closely misses the gnoll.
The arrow hits the gnoll but does no damage.
The gnoll is severely wounded.
The gnoll completely misses you.
The gnoll hits you from afar with a +0 spear!
You die...

#.....### #........
#.)...# ###.....# ..
#.....<.## .#
#..####..# .# ##..#
##.##.# ####...# #..#.#
#....#.# ##@#.#
##.##...# #g#.##
.PP.....# #gY$.#
...~~....### ###.#..#
...~~~.PP..##..........
.~~~~~..#.#..#..###...#
~~~~~~PP....##..# #.#
~~~~~~~P##..##..#### .
~~~~~~~.###........###


You could see a sky beast and 2 gnolls.

Vanquished Creatures
  Terence (D:2)
  A gnoll (D:3)
  2 dart slugs
  7 endoplasms
  3 goblins
  8 hobgoblins
  4 jackals (D:1)
  2 quokkas
  2 ball pythons
  A bat (D:1)
  3 frilled lizards
  6 kobolds
  4 rats
44 creatures vanquished.

Notes
Turn   | Place    | Note
-------+----------+-------------------------------------------
     0 | D:1      | qw the Spriggan Hunter began the quest for the Orb.
     0 | D:1      | Reached XP level 1. HP: 10/10 MP: 2/2
     0 | D:1      | 0 ||| qw: Version: 0.3-a-158-g18b3111
     0 | D:1      | 0 ||| qw: Game counter: 4048
     0 | D:1      | 0 ||| qw: Melee chars always use a shield: true
     0 | D:1      | 0 ||| qw: God list: Okawaru
     0 | D:1      | 0 ||| qw: Allow faded altars: false
     0 | D:1      | 0 ||| qw: Do Orc after clearing Dungeon:15 true
     0 | D:1      | 0 ||| qw: Do second Lair branch before Depths: true
     0 | D:1      | 0 ||| qw: Lair rune preference: random
     0 | D:1      | 0 ||| qw: Goals: Normal
     0 | D:1      | 0 ||| PLANNING D:1-11
    19 | D:1      | Reached skill level 3 in Dodging
    89 | D:1      | Reached XP level 2. HP: 14/14 MP: 3/3
   398 | D:1      | Reached XP level 3. HP: 18/18 MP: 4/4
   465 | D:1      | 465 ||| READING scroll labelled JOLOWAMYRO.
   465 | D:1      | 465 ||| IDENTIFYING scroll labelled OLLUFO IXZARI
   466 | D:1      | 466 ||| READING scroll labelled JEEM SOZEOQO.
   467 | D:1      | 467 ||| DROPPING scroll of butterflies.
   468 | D:1      | 468 ||| DROPPING scroll of poison.
   869 | D:2      | 869 ||| READING scroll labelled GOHABOIBLA.
   870 | D:2      | 870 ||| READING scroll labelled YTOTRA GELOPS.
  1166 | D:2      | Noticed Terence
  1182 | D:2      | Killed Terence
  1183 | D:2      | Reached skill level 5 in Ranged Weapons
  1289 | D:2      | Reached XP level 4. HP: 20/22 MP: 5/5
  1606 | D:2      | 1606 ||| READING scroll labelled HIBAPE DOBINEJ.
  1607 | D:2      | 1607 ||| READING scroll labelled ONKAOSCH TILAN.
  1656 | D:3      | 1656 ||| STAIRDANCE
  1665 | D:3      | 1665 ||| STAIRDANCE
  1727 | D:3      | Noticed a sky beast
  1728 | D:3      | 1728 ||| RETREEEEATING.
  1729 | D:3      | 1729 ||| RETREEEEATING.
  1734 | D:3      | Slain by a gnoll

Levels and vault maps discovered:
D:1:      minmay_arrival_four_houses, layout_basic
D:2:      layout_loops_corners, serial_co_window_serial, co_window_corner_a,
          co_window_paths_b, co_window_paths_b, co_window_corner_a,
          co_window_paths_a, co_window_2corner, co_window_broadway_b,
          co_window_corner_cb, co_window_broadway_b, glass_columns_b,
          glass_columns_b, glass_columns_b, uniq_terence
D:3:      layout_rooms, biasface_ghost_orc_armoury, serial_shops,
          nicolae_shop_behind_doors, guppyfry_early_lair_pool, uniq_jessica

Skill      XL: |  1  2  3 |
---------------+----------+-----
Dodging        | 3 4 |  4.5
Ranged Weapons | 5 |  5.0
Fighting       | |  1.5
Stealth        | |  1.5

Action                     |  1- 3 |  4- 6 || total
---------------------------+-------+-------++-------
   Fire: Shortbow          |   122 |    36 ||   158
    Use: Scroll            |     4 |     2 ||     6
 Armour: Robe              |    17 |    13 ||    30
  Dodge: Dodged            |    54 |    39 ||    93

Table legend:
 A = Non-vault XP
 B = Vault XP
 C = Vault XP percentage of total XP
 D = Non-vault monster count
 E = Vault monster count
 F = Vault count percentage of total count
                 A         B        C        D         E       F
            +---------+---------+-------+---------+---------+-------
      Total |      87 |      36 |  29.3 |      43 |       1 |   2.3
            +---------+---------+-------+---------+---------+-------
        D:1 |      42 |       0 |   0.0 |      24 |       0 |   0.0
        D:2 |      26 |      36 |  58.1 |      15 |       1 |   6.2
        D:3 |      19 |       0 |   0.0 |       4 |       0 |   0.0
            +---------+---------+-------+---------+---------+-------
